 Dungeon Crawl Stone Soup version 0.25.1-8-g42b30a86e7 (webtiles) character file.

Game seed: 4580939825056696359

743 Gabide the Poker (level 8, -8/61 HPs)
             Began as a Human Abyssal Knight on Dec 5, 2020.
             Was a Believer of Lugonu.
             Mangled by an orc wizard
             ... wielding a +1 dagger of electrocution
              (13 damage)
             ... on level 5 of the Dungeon.
             The game lasted 00:07:59 (4755 turns).

Gabide the Poker (Human Abyssal Knight)             Turns: 4755, Time: 00:08:00

Health: -8/61      AC:  9    Str: 15    XL:     8   Next: 5%
Magic:  11/11      EV: 11    Int: 12    God:    Lugonu [**....]
Gold:   264        SH:  0    Dex: 13    Spells: 7/7 levels left

rFire    + . .     SeeInvis .   a - +2 spear
rCold    . . .     Gourm    .   (no shield)
rNeg     + . .     Faith    .   n - +2 ring mail {rN+}
rPois    .         Spirit   .   (no helmet)
rElec    .         Reflect  .   (no cloak)
rCorr    .         Harm     .   h - +0 pair of gloves
MR       .....                  (no boots)
Stlth    +.........             (no amulet)
HPRegen  0.20/turn              j - ring of protection from fire
MPRegen  0.12/turn              m - ring of flight

@: no status effects
A: no striking features
a: Depart the Abyss, Bend Space, Renounce Religion, Evoke Flight


You were on level 5 of the Dungeon.
You worshipped Lugonu.
Lugonu was pleased with you.
You were not hungry.

You visited 1 branch of the dungeon, and saw 5 of its levels.
You visited the Abyss 1 time.

You collected 264 gold pieces.

Inventory:

Hand Weapons
 a - a +2 spear (weapon)
Missiles
 p - 13 poisoned darts
 q - 2 curare-tipped darts (quivered)
Armour
 g - a +0 plate armour
 h - a +0 pair of gloves (worn)
 n - a +2 ring mail of positive energy (worn)
Jewellery
 j - a ring of protection from fire (left hand)
 m - a ring of flight (right hand)
Wands
 o - a wand of polymorph (7)
Scrolls
 d - a scroll of immolation {unknown}
 l - a scroll of remove curse
 r - a scroll of fog
Potions
 b - a potion of stabbing
 e - a potion of cancellation {unknown}
 f - 4 potions of flight
 k - a potion of curing
Comestibles
 c - 9 rations
 i - 6 chunks of flesh


   Skills:
 + Level 4.5 Fighting
 + Level 5.0 Polearms
 + Level 4.4 Armour
 + Level 2.2 Dodging
 * Level 4.3 Invocations


You had 7 spell levels left.
You didn't know any spells.
Your spell library contained the following spells:

 Spells                   Type           Power        Failure   Level  Hunger
 Magic Dart               Conj           #...         52%         1    ##.....
 Blink                    Tloc           N/A          67%         2    ###....
 Call Imp                 Summ           #.......     67%         2    ###....
 Slow                     Hex            #.......     67%         2    ###....
 Conjure Flame            Conj/Fire      #.......     88%         3    ####...
 Mephitic Cloud           Conj/Pois/Air  #.......     88%         3    ####...


Dungeon Overview and Level Annotations

Branches:
Dungeon (5/15)
 Temple: D:4-7

Altars:


Message History

The orc wizard hits you but does no damage.
Throwing (i - inventory. (/) - cycle)
q - 4 curare-tipped darts (quivered)
Press: ? - help, Shift-Dir - straight line, f/p - orc wizard
Aim: an orc wizard, wielding a +1 dagger of electrocution and wearing a +0 robe (severely wounded, fast)
You throw a curare-tipped dart.
The curare-tipped dart closely misses the orc wizard.
The orc wizard points at you and mumbles some strange words.
The puff of frost misses you. The orc hits you with a +0 short sword.
* * * LOW HITPOINT WARNING * * *
Throwing (i - inventory. (/) - cycle)
q - 3 curare-tipped darts (quivered)
Press: ? - help, Shift-Dir - straight line, f/p - orc wizard
Aim: an orc wizard, wielding a +1 dagger of electrocution and wearing a +0 robe (severely wounded, fast)
You throw a curare-tipped dart.
The curare-tipped dart completely misses the orc wizard.
The orc wizard hits you with a +1 dagger of electrocution.
* * * LOW HITPOINT WARNING * * *
The orc misses you.
The orc wizard hits you but does no damage.
You are electrocuted!
You die...

#..# ##..#
#...# #...#
#...# #).#
#.<## #...#
#..@#
......(oo......
#####.....#.#.#
#.......
......#(.
###....#.#.#
#..... # #
##.###.


You could see an orc wizard (fast) and an orc.

Vanquished Creatures
  A phantom (D:4)
  2 ogres
  A howler monkey (D:4)
  A hound (D:4)
  Terence (D:3)
  Ijyb (D:3)
  Natasha (thrice) (D:4)
  3 orc wizards (D:4)
  7 adders
  4 gnolls
  An ooze (D:3)
  An adder skeleton (D:4)
  2 worms
  3 dart slugs
  A leopard gecko (D:3)
  7 orcs
  8 bats
  8 giant cockroaches
  9 goblins
  3 hobgoblins
  12 jackals
  3 quokkas
  3 ball pythons
  4 frilled lizards
  7 kobolds
  8 rats
104 creatures vanquished.

Notes
Turn   | Place    | Note
-------+----------+-------------------------------------------
     0 | Abyss:1  | Gabide the Human Abyssal Knight began the quest for the
                  | Orb.
     0 | Abyss:1  | Reached XP level 1. HP: 18/18 MP: 2/2
    63 | Abyss:1  | Noticed a wretched star
    64 | D:1      | Escaped the Abyss
   247 | D:1      | Reached XP level 2. HP: 23/24 MP: 3/3
   383 | D:1      | Reached * piety under Lugonu
   657 | D:1      | Reached XP level 3. HP: 30/30 MP: 4/4
  1185 | D:2      | Reached XP level 4. HP: 27/37 MP: 5/5
  1918 | D:2      | Reached XP level 5. HP: 24/42 MP: 7/7
  2316 | D:2      | Reached ** piety under Lugonu
  3049 | D:3      | Noticed Ijyb
  3064 | D:3      | Killed Ijyb
  3064 | D:3      | Reached skill level 3 in Polearms
  3168 | D:3      | Noticed Terence
  3179 | D:3      | Killed Terence
  3179 | D:3      | Reached XP level 6. HP: 42/48 MP: 8/8
  3720 | D:4      | Reached skill level 4 in Polearms
  3834 | D:4      | Noticed Natasha
  3844 | D:4      | Killed Natasha
  3844 | D:4      | Reached XP level 7. HP: 41/54 MP: 9/9
  4440 | D:4      | Noticed Natasha
  4449 | D:4      | Killed Natasha
  4676 | D:4      | Noticed Natasha
  4683 | D:4      | Killed Natasha
  4730 | D:5      | Entered Level 5 of the Dungeon
  4735 | D:5      | Reached skill level 5 in Polearms
  4735 | D:5      | Reached XP level 8. HP: 61/61 MP: 11/11
  4755 | D:5      | Mangled by an orc wizard

Illustrated notes

Levels and vault maps discovered:
D:1:      dpeg_arrival_rhombus, layout_loops_ring
D:2:      layout_loops_ring, serial_glass, glass_columns_a, glass_columns_a,
          glass_columns_a, glass_columns_a, glass_columns_a, glass_columns_b,
          first_ration
D:3:      layout_basic, uniq_terence, uniq_ijyb
D:4:      layout_loops_cross, uniq_natasha
D:5:      layout_basic

Skill      XL: |  1  2  3  4  5  6  7 |
---------------+----------------------+-----
Fighting       | 4 |  4.5
Armour         | 3 4 |  4.4
Polearms       | 3 4 5 |  5.0
Invocations    | 3 4 |  4.3
Dodging        | 2 |  2.2

Action                   |  1- 3 |  4- 6 |  7- 9 || total
-------------------------+-------+-------+-------++-------
Melee: Spear             |   103 |   321 |   101 ||   525
       Unarmed           |       |    11 |       ||    11
Throw: Dart              |       |     4 |     8 ||    12
Invok: Depart the Abyss  |     1 |       |       ||     1
  Use: Scroll            |     3 |     7 |       ||    10
       Potion            |     1 |       |     1 ||     2
 Stab: Distracted        |     1 |       |       ||     1
       Confused          |       |     1 |       ||     1
  Eat: Chunk             |     1 |     9 |     3 ||    13
Armor: Leather armour    |     2 |       |       ||     2
       Scale mail        |    25 |     9 |       ||    34
       Plate armour      |       |   100 |       ||   100
       Ring mail         |       |    48 |    31 ||    79
       Skin              |       |     2 |       ||     2
Dodge: Dodged            |    30 |   101 |    55 ||   186
